Map: Rhoskallian LE

Players

kuvall - Winner!

  • Race: Terran Terran
  • Spawn Location: 11:00

Reckoner - Winner!

  • Race: Terran Terran
  • League: Bronze
  • Spawn Location: 12:00

Arryze

  • Race: Terran Terran
  • Spawn Location: 5:00

Velox

  • Race: Protoss Protoss
  • League: Bronze
  • Spawn Location: 6:00

VOD

Have the link to the VOD?

Description

Time

  • Played on: Jan. 18, 2023, 12:34 a.m.
  • Length: 9:08
Show
View Real Time Build Order
Export as new Build Order

kuvall Terran - Winner!

Build Orders: Banshee Rush 

Get SALT Encoding   

  12  0:01  SCV  
  13  0:13  SCV  
  14  0:23  Supply Depot  
  14  0:27  SCV  
  15  0:35  Refinery  
  15  0:42  Refinery  
  15  0:45  SCV  
  16  0:56  Barracks  
  16  0:59  SCV  
  17  1:11  SCV  
  18  1:24  SCV  
  19  1:36  SCV  
  20  1:48  SCV  
  20  1:51  Factory  
  21  2:00  SCV  
  22  2:12  SCV  
  23  2:34  Supply Depot  
  23  2:47  Starport  
  23  2:48  Starport  
  23  2:52  Starport  
  23  2:56  SCV  
  24  3:02  Supply Depot  
  24  3:08  SCV  
  25  3:20  SCV  
  25  3:24  Supply Depot  
  26  3:27  Starport Tech Lab  
  26  3:29  Starport Tech Lab  
  26  3:31  Starport Tech Lab  
  26  3:46  Cloaking Field  
  26  3:49  Banshee  
  26  3:50  Banshee  
  26  3:51  Banshee  
  35  4:16  Command Center  
  35  4:19  SCV  
  36  4:31  SCV  
  37  4:45  Fusion Core  
  37  5:01  SCV  
  38  5:14  SCV  
  39  5:26  SCV  
  40  5:38  SCV  
  41  5:50  SCV  
  42  6:25  Battlecruiser x3  
Show
View Real Time Build Order
Export as new Build Order

Reckoner Terran - Winner!

Build Orders:  

Get SALT Encoding   

  12  0:22  SCV  
  13  0:34  SCV  
  14  0:46  SCV  
  15  0:50  Supply Depot  
  15  1:08  Supply Depot  
  15  1:12  SCV  
  15  1:15  Barracks  
  16  1:24  SCV  
  17  1:30  Supply Depot  
  17  1:54  Refinery x2  
  17  1:58  SCV  
  18  2:04  Engineering Bay  
  18  2:10  SCV  
  18  2:13  Bunker  
  19  2:22  SCV  
  19  2:25  Marine  
  21  2:35  SCV  
  22  2:43  Bunker x2, Marine  
  23  2:47  SCV  
  24  3:01  Marine  
  25  3:19  Marine, Supply Depot  
  26  3:35  Factory  
  26  3:36  Marine  
  27  3:49  Missile Turret  
  27  3:54  Marine  
  28  4:11  Command Center  
  28  4:12  Marine  
  29  4:19  Orbital Command  
  29  4:30  Marine  
  30  4:38  Terran Infantry Weapons Level 1  
  30  4:45  Factory Tech Lab  
  30  4:54  Refinery  
  30  5:01  Marine  
  31  5:09  Siege Tank  
  34  5:19  Marine  
  35  5:26  Refinery  
  34  5:37  Marine  
  34  5:41  Siege Tank  
  37  5:55  Marine  
  36  6:32  Terran Infantry Armor Level 1  
  36  7:34  Siege Tank  
  39  8:06  Siege Tank  
Show
View Real Time Build Order
Export as new Build Order

Arryze Terran 

Build Orders:  

Get SALT Encoding   

  12  0:01  SCV  
  13  0:22  Supply Depot  
  13  1:01  Barracks  
  13  1:05  SCV  
  14  1:27  SCV  
  15  1:50  Supply Depot  
  15  1:53  Refinery  
  15  1:58  SCV  
  16  2:12  SCV  
  17  2:22  Engineering Bay  
  17  2:24  SCV  
  18  2:50  SCV  
  19  2:59  Refinery  
  19  3:02  SCV  
  20  3:22  SCV  
  21  3:28  Barracks  
  21  3:29  Barracks  
  21  3:31  Barracks  
  21  3:34  SCV  
  22  3:47  SCV  
  23  3:59  SCV  
  24  4:11  Supply Depot  
  24  4:25  Ghost Academy  
  24  4:47  Factory  
  24  4:56  Barracks Tech Lab  
  24  4:58  Barracks Tech Lab  
  24  5:27  Marauder  
  26  5:31  Marauder  
  26  5:35  Barracks Tech Lab  
  28  5:44  Marine  
  28  5:49  Marauder  
  31  5:53  Marauder  
  33  6:02  Marine  
  24  6:20  Marine  
  14  6:38  Marine  
  13  6:56  Marine  
  13  7:00  Marauder  
  15  7:07  Marauder  
  19  7:13  Marine  
  20  7:21  Marauder  
  22  7:29  Marauder, Missile Turret  
  18  7:31  Marine  
  18  7:33  Missile Turret  
  18  7:36  Missile Turret  
  15  7:40  Marine  
  15  7:43  Marauder  
  18  7:49  Marine  
  18  7:50  Marauder  
  17  7:59  Missile Turret  
  17  8:15  Marine x2  
  17  8:17  Marauder  
  9  8:46  Missile Turret  
  9  8:50  Missile Turret  
Show
View Real Time Build Order
Export as new Build Order

Velox Protoss 

Build Orders:  

Get SALT Encoding   

  12  0:02  Probe (Chrono Boost)  
  13  0:17  Pylon  
  13  0:32  Probe  
  14  0:36  Gateway  
  14  0:44  Probe  
  15  0:50  Gateway  
  15  0:55  Assimilator  
  15  0:59  Probe  
  16  1:25  Cybernetics Core  
  16  1:28  Probe (Chrono Boost)  
  17  1:33  Zealot  
  17  1:38  Probe (Chrono Boost)  
  17  1:39  Pylon  
  20  1:43  Probe (Chrono Boost)  
  20  1:45  Zealot  
  23  2:06  Twilight Council  
  23  2:09  Zealot  
  23  2:14  Zealot  
  27  2:37  Gateway  
  27  2:41  Zealot, Probe  
  30  2:44  Charge  
  30  3:00  Pylon  
  30  3:11  Pylon  
  30  3:18  Zealot x2  
  34  3:45  Zealot  
  36  3:50  Zealot  
  36  3:51  Zealot  
  40  3:59  Pylon  
  40  4:06  Pylon  
  40  4:12  Zealot  
  42  4:17  Zealot  
  42  4:18  Zealot  
  6  6:01  Probe  
Tags
 
Add a new tag
Caveats
  • Supply blocks, unpowered buildings, or Contaminate may cause inaccurate times.
  • Supply counts are checked every 10 seconds.